 Dungeon Crawl Stone Soup version 0.30.0-29-ga12c61a403 (webtiles) character file.

Game seed: 16477274200582169140

3716 Fecro the Covert (level 9, -9/45 HPs)
             Began as a Spriggan Brigand on June 23, 2023.
             Was a Believer of Dithmenos.
             Mangled by a two-headed ogre
             ... wielding a +0 giant club
              (29 damage)
             ... on level 9 of the Dungeon.
             The game lasted 00:56:32 (12153 turns).

Fecro the Covert (Spriggan Brigand)                Turns: 12153, Time: 00:56:33

Health: -9/45      AC:  5    Str:  7    XL:     9   Next: 91%
Magic:  18/18      EV: 20    Int: 13    God:    Dithmenos [**....]
Gold:   366        SH:  0    Dex: 20    Spells: 19/19 levels left

rFire   . . .        w - +0 shortbow
rCold   . . .        (shield currently unavailable)
rNeg    . . .        b - +2 robe {Archmagi}
rPois   .            (helmet restricted)
rElec   .            c - +0 cloak
rCorr   .            (gloves unavailable)
SInv    +            (boots unavailable)
Will    ++...        (no amulet)
Stlth   +++++++      G - ring of flight
HPRegen 0.27/turn    y - ring of willpower
MPRegen 0.16/turn

%: archmagi
@: flying, wreathed by umbra, very quick
A: very small, no large weapons, unfitting armour, see invisible, speed 3
a: Renounce Religion, Shadow Step


You were on level 9 of the Dungeon.
You worshipped Dithmenos.
Dithmenos was pleased with you.
You visited 2 branches of the dungeon, and saw 10 of its levels.

You collected 366 gold pieces.

Inventory:

Hand Weapons
 a - a +2 dagger of speed
 w - a +0 shortbow (weapon)
Missiles
 d - 17 poisoned darts
 e - 2 curare-tipped darts
 i - 99 stones
 x - a throwing net
 F - 2 boomerangs
Armour
 b - a +2 robe of the Archmagi (worn)
 c - a +0 cloak (worn)
Jewellery
 y - a ring of willpower (right hand)
 G - a ring of flight (left hand)
 H - an amulet of guardian spirit
 J - a +6 ring of strength
Wands
 z - a wand of acid (2)
 C - a wand of mindburst (9)
 K - a wand of polymorph (2)
Scrolls
 f - 2 scrolls of fear
 g - 2 scrolls of torment
 h - 5 scrolls of teleportation
 j - a scroll of fog {unknown}
 k - a scroll of enchant armour
 m - 2 scrolls of silence
 n - 2 scrolls of magic mapping
 q - a scroll of blinking {unknown}
 A - 2 scrolls of identify
 B - a scroll of poison {unknown}
 D - 2 scrolls of acquirement {unknown}
 I - a scroll of amnesia {unknown}
Potions
 l - 3 potions of flight {unknown}
 o - 3 potions of mutation {unknown}
 p - 7 potions of brilliance {unknown}
 r - 6 potions of haste
 s - 3 potions of curing
 t - a potion of magic {unknown}
 u - a potion of degeneration {unknown}
 v - 2 potions of heal wounds {unknown}
 E - a potion of ambrosia {unknown}
 L - a potion of cancellation {unknown}


   Skills:
 + Level 4.1 Fighting
 + Level 5.7 Short Blades
 + Level 6.1 Ranged Weapons
 * Level 6.1 Throwing
 + Level 4.7 Dodging
 * Level 12.0 Stealth
 * Level 5.7 Spellcasting
 + Level 0.3 Evocations


You had 19 spell levels left.
You didn't know any spells.
Your spell library contained the following spells:

 Spells                   Type           Power      Damage    Failure   Level
 Beastly Appendage        Tmut           10%        N/A       17%         1
 Foxfire                  Conj/Fire      20%        2x1d5     17%         1
 Freeze                   Ice            20%        1d4       17%         1
 Passwall                 Tmut/Erth      4%         N/A       26%         2
 Dazzling Flash           Conj/Hex       10%        N/A       45%         3
 Frozen Ramparts          Ice            10%        1d2       45%         3
 Hailstorm                Conj/Ice       5%         3d4       45%         3
 Volatile Blastmotes      Fire/Tloc      10%        2d10      45%         3
 Iskenderun's Mystic Bla  Conj/Tloc      5%         2d3       86%         4
 Fireball                 Conj/Fire      2%         3d4       99%         5
 Eringya's Noxious Bog    Tmut/Pois      2%         N/A       100%        6
 Plasma Beam              Fire/Air       2%         2x1d14    100%        6
 Starburst                Conj/Fire      2%         6d3       100%        6
 Necromutation            Tmut/Necr      2%         N/A       100%        8


Dungeon Overview and Level Annotations

Branches:
Dungeon (9/15)             Temple (1/1) D:5            Lair (0/5) D:9
    Orc: D:9-12

Altars:
Ashenzari
Cheibriados
Dithmenos
Elyvilon
Fedhas
Gozag
Hepliaklqana
Kikubaaqudgha
Makhleb
Nemelex Xobeh
Okawaru
Qazlal
Ru
Sif Muna
Trog
Uskayaw
Vehumet
Wu Jian
Xom
Yredelemnul
Zin
The Shining One

Shops:
D:1 [   D:5 !   D:7 (

Annotations:
D:8 2 runed translucent doors, Arctor's ghost, novice GrCj
D:9 2 transporters


Innate Abilities, Weirdness & Mutations

You are very small and have problems with some larger weapons.
You are too small for most types of armour.
You have supernaturally acute eyesight. (SInv)
You cover ground extremely quickly. (Speed+++)


Message History

The two-headed ogre is poisoned.
The two-headed ogre convulses.
The two-headed ogre seems to slow down.
The two-headed ogre shouts in stereo!
The two-headed ogre is lightly wounded.
You throw a poisoned dart.
The poisoned dart hits the two-headed ogre!
The two-headed ogre looks as sick as possible!
The two-headed ogre is lightly wounded.
w - a +0 shortbow (weapon)
You shoot an arrow.
The arrow barely misses the two-headed ogre.
You shoot an arrow. The arrow hits the two-headed ogre.
The two-headed ogre is heavily wounded.
The two-headed ogre is no longer moving slowly.
You see here a +0 shortbow.
You shoot an arrow. The arrow hits the two-headed ogre.
The two-headed ogre is severely wounded.
There is an open door here.
You shoot an arrow.
The arrow barely misses the two-headed ogre.
You shoot an arrow. The arrow hits the two-headed ogre.
The two-headed ogre is severely wounded.
You shoot an arrow.
The arrow completely misses the two-headed ogre.
You shoot an arrow.
The arrow barely misses the two-headed ogre.
You shoot an arrow. The arrow hits the two-headed ogre.
The two-headed ogre is almost dead.
The two-headed ogre looks more healthy.
The steam dragon hisses angrily.
The steam dragon breathes steam at you. The ball of steam hits you!!
You are engulfed in a cloud of scalding steam.
You are engulfed in a cloud of scalding steam.
* * * LOW HITPOINT WARNING * * *
Okay, then.
You feel better. The two-headed ogre closely misses you.
The two-headed ogre hits you with a +0 giant spiked club!!
Ouch! That really hurt!
You die...

#.# #...(...# #.########.#
#.###.......# #..........#
#.##<.####### #...########
#.......###### #...#
..........D.># ##..#
........####.# #O.#
#.##..#.## #.# #..#
#.....#..###.#####..#######
#.##.....##.§§D§@O........#
#.##..##.##.§.###########.#
#........##.§§# #.#
#.##§.........# #.#
#.##..##.###'## #.#
#.##..##.# #.# #.#
#......#.# #.# #.#
#......#.# #.# #.#
#......+.# #.### ## #.#


You could see a two-headed ogre and a steam dragon (catching breath).

Vanquished Creatures
  Grinder (D:3)
  Sigmund (D:4)
  A shadow (D:9)
  A wyvern (D:8)
  A yak (D:9)
  A steam dragon (D:6)
  2 water moccasins
  An orc warrior (D:6)
  A sky beast (D:6)
  An ice beast (D:7)
  An ogre (D:4)
  3 centaurs
  A gnoll sergeant (D:5)
  2 kobold brigands
  2 bullfrogs
  2 scorpions
  3 wights (D:5)
  7 killer bees
  A howler monkey (D:9)
  A crimson imp (D:6)
  2 jellies (D:5)
  5 hounds
  3 orc priests
  A gnoll bouda (D:7)
  6 iguanas
  6 orc wizards
  18 gnolls
  6 adders
  A white imp (D:6)
  An ufetubus (D:6)
  2 worms
  3 dart slugs
  17 orcs
  6 ball pythons
  A bat (D:1)
  5 endoplasms
  3 giant cockroaches
  4 goblins
  3 hobgoblins
  5 jackals
  17 kobolds
  2 quokkas
  2 frilled lizards
  2 goblin skeletons (D:6)
  2 goblin zombies (D:6)
  4 hobgoblin zombies (D:6)
  2 orc skeletons (D:6)
  An orc zombie (D:6)
  4 rats
168 creatures vanquished.

Vanquished Creatures (others)
  An orc wizard (D:7)
1 creature vanquished.

Grand Total: 169 creatures vanquished

Notes
Turn   | Place    | Note
-------+----------+-------------------------------------------
     0 | D:1      | Fecro the Spriggan Brigand began the quest for the Orb.
     0 | D:1      | Reached XP level 1. HP: 10/10 MP: 2/2
    31 | D:1      | Found Ussoiran's Armour Shoppe.
    47 | D:1      | Reached skill level 6 in Stealth
   143 | D:1      | Reached XP level 2. HP: 14/14 MP: 3/3
   631 | D:2      | Reached skill level 7 in Stealth
   761 | D:2      | Reached XP level 3. HP: 16/18 MP: 4/4
   939 | D:2      | Reached XP level 4. HP: 16/23 MP: 5/5
   954 | D:2      | Reached skill level 8 in Stealth
  1736 | D:3      | Got the Vademecum on Teratogeny
  2558 | D:4      | You fall into a shaft and drop 3 floors!
  2558 | D:7      | Found Koroos's Antique Weapon Boutique.
  2569 | D:6      | Reached XP level 5. HP: 26/26 MP: 6/6
  2655 | D:5      | Entered Level 5 of the Dungeon
  2661 | D:5      | Reached skill level 9 in Stealth
  2688 | D:4      | Reached skill level 1 in Spellcasting
  2841 | D:4      | Noticed Grinder
  2880 | D:4      | Paralysed by Grinder for 4 turns
  2886 | D:4      | Noticed a phantom
  3066 | D:4      | Reached XP level 6. HP: 30/30 MP: 7/9
  3202 | D:4      | Paralysed by Grinder for 2 turns
  3300 | D:3      | Paralysed by Grinder for 3 turns
  3595 | D:3      | Paralysed by Grinder for 2 turns
  3604 | D:3      | Paralysed by Grinder for 3 turns
  3749 | D:3      | Paralysed by Grinder for 3 turns
  3811 | D:3      | Paralysed by Grinder for 5 turns
  3867 | D:3      | Paralysed by Grinder for 2 turns
  3910 | D:3      | Paralysed by Grinder for 2 turns
  3964 | D:3      | Killed Grinder
  4050 | D:4      | Noticed Sigmund
  4059 | D:4      | Killed Sigmund
  4060 | D:4      | Reached XP level 7. HP: 35/35 MP: 11/11
  5043 | D:5      | Found Suenk's Distillery.
  5061 | D:5      | Reached skill level 10 in Stealth
  5345 | D:5      | Found a staircase to the Ecumenical Temple.
  5354 | Temple   | Entered the Ecumenical Temple
  5575 | D:5      | Found a white marble altar of Elyvilon.
  5733 | D:5      | Found a shadowy altar of Dithmenos.
  5741 | D:5      | Became a worshipper of Dithmenos the Shadowed
  5881 | D:5      | Reached XP level 8. HP: 39/39 MP: 13/13
  7379 | D:5      | Reached * piety under Dithmenos
  7460 | D:6      | Found a glowing golden altar of the Shining One.
  7650 | D:6      | Reached skill level 5 in Ranged Weapons
  8320 | D:6      | Reached skill level 11 in Stealth
  8496 | D:6      | Reached XP level 9. HP: 34/44 MP: 16/16
  8597 | D:7      | Found a shimmering altar of Xom.
  8848 | D:7      | Reached skill level 5 in Short Blades
  8983 | D:7      | Reached ** piety under Dithmenos
  9436 | D:8      | Identified the +3 quarterstaff of the Ten Suns {freeze, rC+
                  | Str+3}
  9526 | D:8      | Reached skill level 5 in Throwing
  9598 | D:8      | Reached skill level 5 in Spellcasting
  9664 | D:8      | Identified the +5 sling "Ocoy" {flame, Drain rElec rF+
                  | Str+4}
  9669 | D:8      | Found a broken altar of Ashenzari.
  9951 | D:8      | Found a large runed translucent door.
  9951 | D:8      | Found a large runed translucent door.
  9955 | D:8      | Noticed Arctor's ghost (novice GrCj)
 10443 | D:9      | Noticed a skeletal warrior
 10554 | D:9      | Found a basalt altar of Yredelemnul.
 10554 | D:9      | Noticed a flayed ghost
 10555 | D:9      | Found an ancient bone altar of Kikubaaqudgha.
 10578 | D:9      | Found a transporter.
 10776 | D:9      | Found a staircase to the Lair.
 10938 | D:9      | Found a transporter.
 10944 | D:9      | Noticed a two-headed ogre
 11579 | D:8      | Reached skill level 12 in Stealth
 12153 | D:9      | Mangled by a two-headed ogre

Illustrated notes

Levels and vault maps discovered:
D:1:      spicycebolla_arrival_ecumenical, layout_basic, serial_shops, shop,
          st_stairs_3, corexii_corridor_pit, wad_floor_pattern_2
D:2:      layout_basic, serial_bayou_ford_a
D:3:      layout_loops_corners, nicolae_eternal_life, minmay_goblin_kobold_house
D:4:      layout_gridville, uniq_grinder, uniq_sigmund
D:5:      layout_cave_pools, mainiacjoe_overflow_large_starburst,
          minmay_temple_entry_glassed_door, serial_shops, shop,
          kennysheep_generic_room_10
D:6:      layout_basic, nicolae_tso_besieged_by_evil,
          minmay_misc_feat_secret_circle, kennysheep_generic_room_2
D:7:      layout_rooms, mainiacjoe_overflow_alcove_2, enter_ossuary_2,
          serial_shops, nicolae_shop_trees
D:8:      layout_rooms, nicolae_ashenzari_skybound, ebering_ghost_disaster_area
D:9:      cheibrodos_two_vegetables, layout_basic, gammafunk_temple_of_torment,
          dpeg_oklobed_lair
Temple:   nicolae_temple_bog_church

Skill      XL: |  1  2  3  4  5  6  7  8  9 |
---------------+----------------------------+-----
Stealth        | 6 7 8 9 10 11 12 | 12.0
Dodging        | 2 3 4 |  4.7
Short Blades   | 3 4 5 |  5.7
Spellcasting   | 1 2 3 4 5 |  5.7
Fighting       | 2 3 4 |  4.1
Ranged Weapons | 3 4 5 6 |  6.1
Throwing       | 3 4 6 |  6.1
Evocations     | |  0.3

Action                     |  1- 3 |  4- 6 |  7- 9 || total
---------------------------+-------+-------+-------++-------
  Melee: Dagger            |    79 |   116 |   725 ||   920
         Punch             |       |     1 |    15 ||    16
   Fire: Sling             |       |   102 |    30 ||   132
         Shortbow          |       |       |   191 ||   191
  Throw: Dart              |     2 |     2 |    53 ||    57
         Boomerang         |       |       |    25 ||    25
  Evoke: Wand              |       |       |     5 ||     5
    Use: Scroll            |     1 |     1 |     7 ||     9
         Potion            |       |       |     4 ||     4
   Stab: Sleeping          |     7 |    12 |     7 ||    26
         Distracted        |       |       |     1 ||     1
 Armour: Robe              |    10 |    21 |    42 ||    73
  Dodge: Dodged            |    35 |    63 |   380 ||   478
